Sharks vs Nordiques
Created - 26 février 2017 at 19:29
Goals
|
| Sharks |
0 |
3 |
1 |
0 |
2 |
5 |
| Nordiques |
1 |
1 |
2 |
0 |
0 |
4 |
|
Shots
|
| Sharks |
11 |
11 |
16 |
0 |
2 |
38 |
| Nordiques |
8 |
7 |
12 |
3 |
2 |
30 |
|
1st period
1. Nordiques , Michael Ryder 6 (Ryan Ellis, Dmitry Kulikov) at 15:37
Penalties :
Ryane Clowe (SJS) for Hooking (Minor) at 5:35, Mark Eaton (Que) for Holding (Minor) at 11:39, Paul Gaustad (Que) for Hooking (Minor) at 17:29
2nd period
2. Sharks , Cal Clutterbuck 13 (Kevin Shattenkirk, T.J. Hensick) at 6:08
3. Sharks , Brad Boyes 28 (Kim Johnsson, Derek Boogaard) at 9:51
4. Nordiques , Chris Drury 27 (R.J. Umberger, Jean-Pierre Dumont) at 13:37 (PP)
5. Sharks , Oskar Osala 4 (Kim Johnsson) at 14:24
Penalties :
Greg Campbell (SJS) for Holding (Minor) at 1:01, Cal Clutterbuck (SJS) for Charging (Minor) at 4:01, David Legwand (SJS) for Holding (Minor) at 13:28
3rd period
6. Nordiques , R.J. Umberger 20 (Chris Drury) at 4:02 (PP)
7. Sharks , David Legwand 31 (Derek Boogaard) at 5:45
8. Nordiques , Chris Drury 28 (Jean-Pierre Dumont, Ryan Ellis) at 18:52 (PP)
Penalties :
Frederik Andersen (SJS) for Slashing (Minor) at 4:00 - Derek Boogaard served the penalty, Greg Campbell (SJS) for Roughing (Minor) at 18:38
Overtime #1
No Goal
Penalties :
No Penalty
Shootout
Penalty Shot by Tuomo Ruutu for Sharks - Goal!
Penalty Shot by R.J. Umberger for Nordiques - Stopped by Frederik Andersen
Penalty Shot by Brad Boyes for Sharks - Goal!
Penalty Shot by Chris Drury for Nordiques - Stopped by Frederik Andersen
Penalties :
No Penalty
Goalie Stats
Frederik Andersen (SJS), 26 saves from 30 shots - (0,867), W, 8-14-2, 65:00 minutes
Julien Ellis (Que), 34 saves from 38 shots - (0,895), OTL, 6-5-2, 65:00 minutes
Players Stats for Sharks
Player Name G A P +/- PIM S H SB GA TA FO MP PP MP PK MP
------------------------------------------------------------------------------------
Andrej Sekera 0 0 0 0 0 0 0 0 0 0 0/0 16:27 0:00 2:40
Antoine Vermette 0 0 0 -1 0 3 0 0 0 0 7/15 19:04 1:58 3:09
Boris Valabik 0 0 0 0 0 0 5 0 0 1 0/0 16:35 0:00 2:40
Brad Boyes 1 0 1 2 0 7 0 0 0 1 1/1 21:39 2:00 0:00
Cal Clutterbuck 1 0 1 1 2 2 1 0 1 0 0/1 11:58 0:00 2:37
Damien Brunner 0 0 0 1 0 3 1 0 1 0 0/0 12:02 0:00 0:00
David Legwand 1 0 1 2 2 5 1 0 2 0 23/40 22:53 2:00 1:10
Derek Boogaard 0 2 2 2 0 2 3 0 1 0 0/1 22:34 2:00 2:31
Greg Campbell 0 0 0 1 4 1 1 1 0 0 2/8 12:53 0:00 2:03
Kevin Shattenkirk 0 1 1 1 0 2 2 1 2 2 0/0 24:40 2:05 0:00
Kim Johnsson 0 2 2 2 0 1 0 2 0 2 0/0 17:45 1:53 0:00
Lasse Kukkonen 0 0 0 2 0 2 1 0 0 0 0/0 24:14 1:53 3:42
Mike Green 0 0 0 1 0 1 1 4 0 2 0/0 30:19 2:05 3:42
Nick Palmieri 0 0 0 -1 0 3 1 0 0 0 0/1 15:30 1:58 0:00
Oskar Osala 1 0 1 1 0 2 1 0 0 0 0/0 10:52 0:00 0:00
Ryane Clowe 0 0 0 -1 2 1 2 1 0 0 1/1 15:33 1:58 0:44
T.J. Hensick 0 1 1 1 0 2 2 0 0 0 2/4 9:22 0:00 0:00
Tuomo Ruutu 0 0 0 1 0 1 0 0 1 0 0/0 9:13 0:00 0:30
Players Stats for Nordiques
Player Name G A P +/- PIM S H SB GA TA FO MP PP MP PK MP
------------------------------------------------------------------------------------
Chris Drury 2 1 3 -2 0 4 2 0 0 0 20/37 25:20 3:51 1:57
Dmitry Kulikov 0 1 1 0 0 0 0 2 0 0 0/0 20:41 2:29 0:00
Dustin Byfuglien 0 0 0 -1 0 2 3 3 0 1 0/0 31:04 3:53 1:35
Fedor Tyutin 0 0 0 0 0 5 2 2 1 2 0/0 28:54 2:29 0:57
Jean-Pierre Dumont 0 2 2 -2 0 3 0 0 1 0 2/4 21:25 3:51 0:00
Kyle Calder 0 0 0 0 0 1 0 0 0 0 0/0 13:30 0:00 1:28
Mark Eaton 0 0 0 -2 2 0 1 0 0 1 0/0 12:38 0:00 1:15
Matt Moulson 0 0 0 -1 0 2 2 0 1 0 0/1 17:42 2:31 0:09
Michael Ryder 1 0 1 0 0 1 0 0 0 0 0/0 10:51 0:00 0:00
Nikita Kucherov 0 0 0 -1 0 2 0 0 1 0 0/1 16:32 2:31 0:00
Nikolai Kulemin 0 0 0 0 0 0 0 0 0 0 0/1 7:41 0:00 0:00
Pascal Dupuis 0 0 0 0 0 0 0 0 0 2 1/1 11:27 0:00 2:21
Paul Gaustad 0 0 0 0 2 2 0 0 0 1 3/5 11:51 0:00 0:56
R.J. Umberger 1 1 2 -2 0 3 1 0 0 1 2/5 21:55 3:51 0:00
Rich Peverley 0 0 0 0 0 1 0 0 1 0 0/1 8:12 0:00 0:26
Ryan Ellis 0 2 2 -1 0 1 0 3 3 0 0/0 24:07 3:53 1:38
T.J. Fast 0 0 0 -2 0 1 0 1 0 0 0/0 13:55 0:00 2:31
Vaclav Prospal 0 0 0 -1 0 2 0 2 0 0 8/16 18:15 2:31 0:39
3 Stars
1 - Chris Drury (Que)
2 - Derek Boogaard (SJS)
3 - Kim Johnsson (SJS)
Power Play
Sharks - 0 on 2 Attempt(s) - 0,00%
Nordiques - 3 on 6 Attempt(s) - 50,00%
Penalty Kill
Sharks - 3 on 6 Attempt(s) - 50,00%
- Score 0 goal in Penalty Kill
Nordiques - 2 on 2 Attempt(s) - 100,00%
- Score 0 goal in Penalty Kill
Team Stat
Sharks - Hits : 22 - Faceoff Wins : 36 - Blocked Shots : 9 - Penalty Minutes : 12
Nordiques - Hits : 11 - Faceoff Wins : 36 - Blocked Shots : 13 - Penalty Minutes : 4
Official
Referees : O'Rourke Dan and Leggo Mike
Linesman : Darren Gibbs and Thor Nelson
Game Notes
13:37 of 2nd period - Nordiques goal is going for a video replay. After video review, Goal.
Finance
Level 1 -- Attendance: 3764 (62,73%) -- Ticket Income 376 400 $
Level 2 -- Attendance: 3267 (65,34%) -- Ticket Income 196 020 $
Level 3 -- Attendance: 1167 (58,35%) -- Ticket Income 47 847 $
Level 4 -- Attendance: 2339 (58,48%) -- Ticket Income 70 170 $
Luxury Box -- Attendance: 892 (89,20%) -- Ticket Income 142 720 $
Game was played at the Centre Videotron.
Total Attendance: 11429 (63,49%)
Total Ticket Income: 833 157 $
Other Income: 124 974 $
Total Income: 958 131 $
Sharks
5 vs 5 Forward
Center Left Wing Right Wing Time % Phy DF OF
1 David Legwand Derek Boogaard Brad Boyes 40 2 2 1
2 Antoine Vermette Ryane Clowe Nick Palmieri 30 2 2 1
3 Greg Campbell Oskar Osala Damien Brunner 20 2 2 1
4 T.J. Hensick Tuomo Ruutu Cal Clutterbuck 10 2 2 1
5 vs 5 Defense
Defense Defense Time % Phy DF OF
1 Mike Green Kevin Shattenkirk 40 2 2 1
2 Kim Johnsson Lasse Kukkonen 30 2 2 1
3 Andrej Sekera Boris Valabik 20 2 2 1
4 Mike Green Kevin Shattenkirk 10 2 2 1
PowerPlay Forward
Center Left Wing Right Wing Time % Phy DF OF
1 David Legwand Derek Boogaard Brad Boyes 60 2 1 2
2 Antoine Vermette Ryane Clowe Nick Palmieri 40 2 1 2
PowerPlay Defense
Defense Defense Time % Phy DF OF
1 Mike Green Kevin Shattenkirk 60 2 1 2
2 Kim Johnsson Lasse Kukkonen 40 2 1 2
Penalty Kill 4 Players Forward
Center Wing Time % Phy DF OF
1 Greg Campbell Cal Clutterbuck 60 2 3 0
2 Derek Boogaard Antoine Vermette 40 2 3 0
Penalty Kill 4 Players Defense
Defense Defense Time % Phy DF OF
1 Mike Green Lasse Kukkonen 60 2 3 0
2 Andrej Sekera Boris Valabik 40 2 3 0
Penalty Kill - 3 Players Forward
Forward Time % Phy DF OF
1 Greg Campbell 60 1 4 0
2 Tuomo Ruutu 40 1 4 0
Penalty Kill - 3 Players Defense
Defense Defense Time % Phy DF OF
1 Mike Green Lasse Kukkonen 60 1 4 0
2 Andrej Sekera Boris Valabik 40 1 4 0
4 vs 4 Forward
Center Wing Time % Phy DF OF
1 David Legwand Brad Boyes 60 2 2 1
2 Antoine Vermette Damien Brunner 40 2 2 1
4 vs 4 Defense
Defense Defense Time % Phy DF OF
1 Mike Green Lasse Kukkonen 60 2 2 1
2 Boris Valabik Lasse Kukkonen 40 2 2 1
Last Minutes Offensive
Center Left Wing Right Wing Defense Defense
David Legwand Derek Boogaard Brad Boyes Mike Green Kevin Shattenkirk
Last Minutes Defensive
Center Left Wing Right Wing Defense Defense
David Legwand Greg Campbell Cal Clutterbuck Mike Green Lasse Kukkonen
Goaltenders
Starting : Frederik Andersen
Backup : Mike Brodeur
Extra Forwards
Normal : Cal Clutterbuck, T.J. Hensick, Nick Palmieri - PP : Tuomo Ruutu, T.J. Hensick - PK : Greg Campbell
Extra Defensemen
Normal : Andrej Sekera, Boris Valabik, Kevin Shattenkirk - PP : Andrej Sekera - PK : Boris Valabik, Kevin Shattenkirk
Penalty Shots
Tuomo Ruutu, Brad Boyes, Greg Campbell, Ryane Clowe, Antoine Vermette
Nordiques
5 vs 5 Forward
Center Left Wing Right Wing Time % Phy DF OF
1 Chris Drury R.J. Umberger Jean-Pierre Dumont 40 0 0 5
2 Vaclav Prospal Matt Moulson Nikita Kucherov 30 0 0 5
3 Paul Gaustad Kyle Calder Michael Ryder 20 0 0 5
4 Rich Peverley Nikolai Kulemin Pascal Dupuis 10 0 0 5
5 vs 5 Defense
Defense Defense Time % Phy DF OF
1 Fedor Tyutin Dustin Byfuglien 40 0 5 0
2 Dmitry Kulikov Ryan Ellis 30 0 5 0
3 T.J. Fast Mark Eaton 20 0 5 0
4 Fedor Tyutin Dustin Byfuglien 10 0 5 0
PowerPlay Forward
Center Left Wing Right Wing Time % Phy DF OF
1 Chris Drury R.J. Umberger Jean-Pierre Dumont 60 0 0 5
2 Vaclav Prospal Matt Moulson Nikita Kucherov 40 0 0 5
PowerPlay Defense
Defense Defense Time % Phy DF OF
1 Dustin Byfuglien Ryan Ellis 60 0 2 3
2 Fedor Tyutin Dmitry Kulikov 40 0 2 3
Penalty Kill 4 Players Forward
Center Wing Time % Phy DF OF
1 Paul Gaustad Pascal Dupuis 60 0 3 2
2 Kyle Calder Vaclav Prospal 40 0 3 2
Penalty Kill 4 Players Defense
Defense Defense Time % Phy DF OF
1 T.J. Fast Mark Eaton 60 0 4 1
2 Dustin Byfuglien Ryan Ellis 40 0 4 1
Penalty Kill - 3 Players Forward
Forward Time % Phy DF OF
1 Paul Gaustad 60 0 5 0
2 Pascal Dupuis 40 0 5 0
Penalty Kill - 3 Players Defense
Defense Defense Time % Phy DF OF
1 T.J. Fast Mark Eaton 60 0 5 0
2 Dustin Byfuglien Dmitry Kulikov 40 0 5 0
4 vs 4 Forward
Center Wing Time % Phy DF OF
1 R.J. Umberger Chris Drury 60 0 1 4
2 Jean-Pierre Dumont Vaclav Prospal 40 0 1 4
4 vs 4 Defense
Defense Defense Time % Phy DF OF
1 Dustin Byfuglien Dmitry Kulikov 60 0 3 2
2 Fedor Tyutin Ryan Ellis 40 0 3 2
Last Minutes Offensive
Center Left Wing Right Wing Defense Defense
Chris Drury R.J. Umberger Jean-Pierre Dumont Dustin Byfuglien Fedor Tyutin
Last Minutes Defensive
Center Left Wing Right Wing Defense Defense
Paul Gaustad Kyle Calder Pascal Dupuis T.J. Fast Mark Eaton
Goaltenders
Starting : Julien Ellis
Backup : Martin Brodeur
Extra Forwards
Normal : Chris Drury, Jean-Pierre Dumont, Matt Moulson - PP : Chris Drury, Jean-Pierre Dumont - PK : Pascal Dupuis
Extra Defensemen
Normal : Dmitry Kulikov, Ryan Ellis, Dustin Byfuglien - PP : Dmitry Kulikov - PK : Ryan Ellis, Dustin Byfuglien
Penalty Shots
R.J. Umberger, Chris Drury, Jean-Pierre Dumont, Vaclav Prospal, Paul Gaustad
% Time on Ice - Sharks
Lines # - Real PCT - Wanted PCT - Time Play
Normal Forward
1 - 35% - 40% - 17:23
2 - 26% - 30% - 12:47
3 - 22% - 20% - 10:52
4 - 17% - 10% - 8:38
Normal Defense
1 - 40% - 40% - 19:51
2 - 34% - 30% - 16:48
3 - 22% - 20% - 11:05
4 - 4% - 10% - 1:56
PP Forward
1 - 50% - 60% - 2:00
2 - 50% - 40% - 1:58
PP Defense
1 - 53% - 60% - 2:05
2 - 47% - 40% - 1:53
PK Forward
1 - 93% - 60% - 5:57
2 - 7% - 40% - 0:25
PK Defense
1 - 58% - 60% - 3:42
2 - 42% - 40% - 2:40
PK3 Forward
1 - 0% - 60%
2 - 0% - 40%
PK3 Defense
1 - 0% - 60%
2 - 0% - 40%
44 Forward
1 - 77% - 60% - 3:50
2 - 23% - 40% - 1:10
44 Defense
1 - 62% - 60% - 3:06
2 - 38% - 40% - 1:54
Last Minute Offensive - 0:00
Last Minute Defensive - 0:00
Total
Forward - 65:00
Defense - 65:00
|
% Time on Ice - Nordiques
Lines # - Real PCT - Wanted PCT - Time Play
Normal Forward
1 - 34% - 40% - 17:07
2 - 28% - 30% - 14:01
3 - 22% - 20% - 10:51
4 - 15% - 10% - 7:41
Normal Defense
1 - 41% - 40% - 20:24
2 - 32% - 30% - 15:42
3 - 20% - 20% - 10:04
4 - 7% - 10% - 3:30
PP Forward
1 - 60% - 60% - 3:51
2 - 40% - 40% - 2:31
PP Defense
1 - 61% - 60% - 3:53
2 - 39% - 40% - 2:29
PK Forward
1 - 84% - 60% - 3:19
2 - 16% - 40% - 0:39
PK Defense
1 - 82% - 60% - 3:14
2 - 18% - 40% - 0:44
PK3 Forward
1 - 0% - 60%
2 - 0% - 40%
PK3 Defense
1 - 0% - 60%
2 - 0% - 40%
44 Forward
1 - 79% - 60% - 3:56
2 - 21% - 40% - 1:04
44 Defense
1 - 55% - 60% - 2:46
2 - 45% - 40% - 2:14
Last Minute Offensive - 0:00
Last Minute Defensive - 0:00
Total
Forward - 65:00
Defense - 65:00
|
Play by Play
1st period
0:01 of 1st period - R.J. Umberger wins face-off versus David Legwand in neutral zone.
0:04 of 1st period - Snap shot by Fedor Tyutin.
0:04 of 1st period - Stopped by Frederik Andersen without a rebound.
0:05 of 1st period - David Legwand wins face-off versus Chris Drury in Sharks zone.
0:18 of 1st period - Wrist shot by Chris Drury.
0:18 of 1st period - Stopped by Frederik Andersen without a rebound.
0:19 of 1st period - Antoine Vermette wins face-off versus Vaclav Prospal in Sharks zone.
1:09 of 1st period - Slapshot by David Legwand.
1:09 of 1st period - Stopped by Julien Ellis with a rebound.
1:13 of 1st period - Wrist shot by David Legwand.
1:13 of 1st period - Shot Hit the Post.
1:15 of 1st period - Slapshot by Andrej Sekera.
1:15 of 1st period - Shot Blocked by Dmitry Kulikov.
1:17 of 1st period - Slapshot by Andrej Sekera.
1:17 of 1st period - Deflect By Brad Boyes.
1:17 of 1st period - Stopped by Julien Ellis with a rebound.
2:20 of 1st period - Slapshot by Kyle Calder.
2:20 of 1st period - Shot Misses the Net.
2:31 of 1st period - Mike Green is hit by Dustin Byfuglien and loses puck.
3:00 of 1st period - Mark Eaton is hit by Oskar Osala and loses puck.
3:38 of 1st period - Kim Johnsson is hit by Fedor Tyutin and loses puck.
4:10 of 1st period - Snap shot by T.J. Hensick.
4:10 of 1st period - Stopped by Julien Ellis with a rebound.
4:12 of 1st period - Slapshot by Lasse Kukkonen.
4:12 of 1st period - Deflect By Fedor Tyutin.
4:12 of 1st period - Stopped by Julien Ellis without a rebound.
4:13 of 1st period - David Legwand wins face-off versus Chris Drury in Nordiques zone.
4:14 of 1st period - Wrist shot by Derek Boogaard.
4:14 of 1st period - Stopped by Julien Ellis with a rebound.
4:59 of 1st period - Snap shot by Antoine Vermette.
4:59 of 1st period - Stopped by Julien Ellis with a rebound.
5:01 of 1st period - Slapshot by Lasse Kukkonen.
5:01 of 1st period - Deflect By Oskar Osala.
5:01 of 1st period - Stopped by Julien Ellis with a rebound.
5:25 of 1st period - Backhand shot by David Legwand.
5:25 of 1st period - Stopped by Julien Ellis with a rebound.
5:27 of 1st period - Wrist shot by Brad Boyes.
5:27 of 1st period - Shot Misses the Net.
5:29 of 1st period - Snap shot by David Legwand.
5:29 of 1st period - Deflect By Brad Boyes.
5:29 of 1st period - Stopped by Julien Ellis without a rebound.
5:30 of 1st period - Chris Drury wins face-off versus Antoine Vermette in Nordiques zone.
5:30 of 1st period - Chris Drury is hit by Boris Valabik.
5:35 of 1st period - Minor Penalty to Ryane Clowe for Hooking.
5:36 of 1st period - Chris Drury wins face-off versus Greg Campbell in Sharks zone.
6:10 of 1st period - Wrist shot by Vaclav Prospal.
6:10 of 1st period - Shot Misses the Net.
6:14 of 1st period - Snap shot by Vaclav Prospal.
6:14 of 1st period - Stopped by Frederik Andersen with a rebound.
7:22 of 1st period - Dustin Byfuglien is hit by Boris Valabik and loses puck.
7:35 of 1st period - Penalty to Ryane Clowe is over, Ryane Clowe is back on ice.
7:46 of 1st period - Off-side.
7:47 of 1st period - Greg Campbell wins face-off versus Paul Gaustad in neutral zone.
8:00 of 1st period - Snap shot by Michael Ryder.
8:00 of 1st period - Deflect By Paul Gaustad.
8:00 of 1st period - Stopped by Frederik Andersen without a rebound.
8:01 of 1st period - David Legwand wins face-off versus Vaclav Prospal in Sharks zone.
9:15 of 1st period - Chris Drury is hit by Derek Boogaard and loses puck.
10:34 of 1st period - Snap shot by Chris Drury.
10:34 of 1st period - Stopped by Frederik Andersen without a rebound.
10:35 of 1st period - Chris Drury wins face-off versus T.J. Hensick in Sharks zone.
10:38 of 1st period - Snap shot by Chris Drury.
10:38 of 1st period - Shot Misses the Net.
11:20 of 1st period - Wrist shot by Cal Clutterbuck.
11:20 of 1st period - Shot Misses the Net.
11:24 of 1st period - Wrist shot by Tuomo Ruutu.
11:24 of 1st period - Stopped by Julien Ellis without a rebound.
11:25 of 1st period - Antoine Vermette wins face-off versus Vaclav Prospal in Nordiques zone.
11:36 of 1st period - Snap shot by Nick Palmieri.
11:36 of 1st period - Stopped by Julien Ellis without a rebound.
11:37 of 1st period - Vaclav Prospal wins face-off versus Antoine Vermette in Nordiques zone.
11:39 of 1st period - Minor Penalty to Mark Eaton for Holding.
11:40 of 1st period - Paul Gaustad wins face-off versus David Legwand in Nordiques zone.
13:39 of 1st period - Penalty to Mark Eaton is over, Mark Eaton is back on ice.
14:20 of 1st period - Oskar Osala is hit by Fedor Tyutin and loses puck.
14:50 of 1st period - Slapshot by Fedor Tyutin.
14:50 of 1st period - Stopped by Frederik Andersen with a rebound.
14:58 of 1st period - Slapshot by Greg Campbell.
14:58 of 1st period - Deflect By Oskar Osala.
14:58 of 1st period - Shot Misses the Net.
14:58 of 1st period - Puck is out of play.
14:59 of 1st period - Vaclav Prospal wins face-off versus David Legwand in Nordiques zone.
15:01 of 1st period - Icing by Nikita Kucherov.
15:02 of 1st period - Vaclav Prospal wins face-off versus David Legwand in Nordiques zone.
15:37 of 1st period - Wrist shot by Michael Ryder.
15:37 of 1st period - Goal by Michael Ryder - Sharks : 0 - Nordiques : 1.
15:38 of 1st period - Vaclav Prospal wins face-off versus David Legwand in neutral zone.
16:10 of 1st period - Wrist shot by Paul Gaustad.
16:10 of 1st period - Shot Misses the Net.
16:12 of 1st period - Snap shot by Paul Gaustad.
16:12 of 1st period - Stopped by Frederik Andersen with a rebound.
16:14 of 1st period - Wrist shot by Ryan Ellis.
16:14 of 1st period - Shot Misses the Net.
16:44 of 1st period - Snap shot by Cal Clutterbuck.
16:44 of 1st period - Shot Misses the Net.
16:46 of 1st period - Snap shot by Lasse Kukkonen.
16:46 of 1st period - Shot Hit the Post.
17:29 of 1st period - Minor Penalty to Paul Gaustad for Hooking.
17:30 of 1st period - David Legwand wins face-off versus Chris Drury in Nordiques zone.
17:56 of 1st period - Mark Eaton is hit by Ryane Clowe and loses puck.
18:03 of 1st period - Snap shot by Antoine Vermette.
18:03 of 1st period - Shot Blocked by T.J. Fast.
18:05 of 1st period - Wrist shot by Nick Palmieri.
18:05 of 1st period - Deflect By Antoine Vermette.
18:05 of 1st period - Shot Misses the Net.
18:05 of 1st period - Puck is out of play.
18:06 of 1st period - Pascal Dupuis wins face-off versus David Legwand in Nordiques zone.
18:22 of 1st period - Icing by Lasse Kukkonen.
18:23 of 1st period - Antoine Vermette wins face-off versus Rich Peverley in Sharks zone.
19:29 of 1st period - Penalty to Paul Gaustad is over, Paul Gaustad is back on ice.
19:44 of 1st period - Off-side.
19:45 of 1st period - Vaclav Prospal wins face-off versus David Legwand in neutral zone.
Goals for this period are 0 for Sharks vs 1 for Nordiques.
Shots for this period are 11 for Sharks vs 8 for Nordiques.
2nd period
0:01 of 2nd period - Chris Drury wins face-off versus David Legwand in neutral zone.
0:16 of 2nd period - Snap shot by Brad Boyes.
0:16 of 2nd period - Stopped by Julien Ellis with a rebound.
0:26 of 2nd period - Antoine Vermette is hit by Matt Moulson.
0:30 of 2nd period - Fedor Tyutin is hit by Kevin Shattenkirk and loses puck.
1:01 of 2nd period - Minor Penalty to Greg Campbell for Holding.
1:02 of 2nd period - Antoine Vermette wins face-off versus Chris Drury in Sharks zone.
1:32 of 2nd period - Off-side.
1:33 of 2nd period - Vaclav Prospal wins face-off versus Antoine Vermette in neutral zone.
1:36 of 2nd period - Snap shot by Nikita Kucherov.
1:36 of 2nd period - Shot Misses the Net.
1:38 of 2nd period - Slapshot by Dmitry Kulikov.
1:38 of 2nd period - Shot Misses the Net.
1:40 of 2nd period - Slapshot by Fedor Tyutin.
1:40 of 2nd period - Stopped by Frederik Andersen without a rebound.
1:41 of 2nd period - Chris Drury wins face-off versus Antoine Vermette in Sharks zone.
2:29 of 2nd period - Ryan Ellis is hit by Mike Green.
3:01 of 2nd period - Penalty to Greg Campbell is over, Greg Campbell is back on ice.
3:15 of 2nd period - Wrist shot by Paul Gaustad.
3:15 of 2nd period - Shot Misses the Net.
3:17 of 2nd period - Snap shot by Dustin Byfuglien.
3:17 of 2nd period - Shot Blocked by Greg Campbell.
3:29 of 2nd period - Wrist shot by Rich Peverley.
3:29 of 2nd period - Shot Misses the Net.
3:51 of 2nd period - Snap shot by Matt Moulson.
3:51 of 2nd period - Stopped by Frederik Andersen without a rebound.
3:52 of 2nd period - Vaclav Prospal wins face-off versus T.J. Hensick in Sharks zone.
3:59 of 2nd period - Snap shot by Vaclav Prospal.
3:59 of 2nd period - Shot Blocked by Kevin Shattenkirk.
4:01 of 2nd period - Minor Penalty to Cal Clutterbuck for Charging.
4:02 of 2nd period - Chris Drury wins face-off versus Greg Campbell in Sharks zone.
6:01 of 2nd period - Penalty to Cal Clutterbuck is over, Cal Clutterbuck is back on ice.
6:04 of 2nd period - Icing by Ryan Ellis.
6:05 of 2nd period - T.J. Hensick wins face-off versus Vaclav Prospal in Nordiques zone.
6:06 of 2nd period - Snap shot by Kevin Shattenkirk.
6:06 of 2nd period - Stopped by Julien Ellis with a rebound.
6:08 of 2nd period - Snap shot by Cal Clutterbuck.
6:08 of 2nd period - Goal by Cal Clutterbuck - Sharks : 1 - Nordiques : 1.
6:09 of 2nd period - Chris Drury wins face-off versus David Legwand in neutral zone.
6:11 of 2nd period - Off-side.
6:12 of 2nd period - David Legwand wins face-off versus Chris Drury in neutral zone.
6:37 of 2nd period - Snap shot by Vaclav Prospal.
6:37 of 2nd period - Deflect By Nikita Kucherov.
6:37 of 2nd period - Shot Blocked by Mike Green.
6:37 of 2nd period - Puck is out of play.
6:38 of 2nd period - Antoine Vermette wins face-off versus Vaclav Prospal in Sharks zone.
6:38 of 2nd period - Antoine Vermette is hit by Matt Moulson.
6:46 of 2nd period - Snap shot by Antoine Vermette.
6:46 of 2nd period - Stopped by Julien Ellis with a rebound.
6:48 of 2nd period - Snap shot by Kim Johnsson.
6:48 of 2nd period - Shot Misses the Net.
6:50 of 2nd period - Wrist shot by Antoine Vermette.
6:50 of 2nd period - Stopped by Julien Ellis without a rebound.
6:51 of 2nd period - David Legwand wins face-off versus Chris Drury in Nordiques zone.
7:16 of 2nd period - Matt Moulson is hit by Ryane Clowe and loses puck.
8:03 of 2nd period - Off-side.
8:04 of 2nd period - David Legwand wins face-off versus Jean-Pierre Dumont in neutral zone.
8:09 of 2nd period - Chris Drury is hit by Derek Boogaard and loses puck.
8:44 of 2nd period - Wrist shot by Nikita Kucherov.
8:44 of 2nd period - Stopped by Frederik Andersen with a rebound.
9:43 of 2nd period - Slapshot by Kevin Shattenkirk.
9:43 of 2nd period - Stopped by Julien Ellis without a rebound.
9:44 of 2nd period - David Legwand wins face-off versus Chris Drury in Nordiques zone.
9:47 of 2nd period - Snap shot by Derek Boogaard.
9:47 of 2nd period - Shot Hit the Post.
9:49 of 2nd period - Slapshot by Kim Johnsson.
9:49 of 2nd period - Deflect By Chris Drury.
9:49 of 2nd period - Stopped by Julien Ellis with a rebound.
9:51 of 2nd period - Snap shot by Kim Johnsson.
9:51 of 2nd period - Deflect By Brad Boyes.
9:51 of 2nd period - Goal by Brad Boyes - Sharks : 2 - Nordiques : 1.
9:52 of 2nd period - Chris Drury wins face-off versus David Legwand in neutral zone.
11:02 of 2nd period - Cal Clutterbuck is hit by Chris Drury and loses puck.
12:30 of 2nd period - Greg Campbell is hit by Dustin Byfuglien and loses puck.
12:57 of 2nd period - Wrist shot by Brad Boyes.
12:57 of 2nd period - Shot Blocked by Fedor Tyutin.
13:15 of 2nd period - Wrist shot by Vaclav Prospal.
13:15 of 2nd period - Shot Misses the Net.
13:17 of 2nd period - Snap shot by Vaclav Prospal.
13:17 of 2nd period - Shot Misses the Net.
13:19 of 2nd period - Wrist shot by Fedor Tyutin.
13:19 of 2nd period - Shot Misses the Net.
13:21 of 2nd period - Wrist shot by Matt Moulson.
13:21 of 2nd period - Stopped by Frederik Andersen without a rebound.
13:22 of 2nd period - Chris Drury wins face-off versus David Legwand in Sharks zone.
13:28 of 2nd period - Minor Penalty to David Legwand for Holding.
13:29 of 2nd period - Chris Drury wins face-off versus Greg Campbell in Sharks zone.
13:35 of 2nd period - Snap shot by Chris Drury.
13:35 of 2nd period - Shot Misses the Net.
13:37 of 2nd period - Snap shot by Chris Drury.
13:37 of 2nd period - Deflect By Lasse Kukkonen.
13:37 of 2nd period - Nordiques goal is going for a video replay.
13:37 of 2nd period - The goal is good.
13:37 of 2nd period - Goal by Chris Drury - Sharks : 2 - Nordiques : 2.
13:38 of 2nd period - Chris Drury wins face-off versus David Legwand in neutral zone.
14:24 of 2nd period - Wrist shot by Oskar Osala.
14:24 of 2nd period - Goal by Oskar Osala - Sharks : 3 - Nordiques : 2.
14:25 of 2nd period - Chris Drury wins face-off versus David Legwand in neutral zone.
14:28 of 2nd period - Slapshot by Dustin Byfuglien.
14:28 of 2nd period - Shot Blocked by Mike Green.
15:13 of 2nd period - Slapshot by Dustin Byfuglien.
15:13 of 2nd period - Shot Misses the Net.
15:37 of 2nd period - Dmitry Kulikov is hit by Cal Clutterbuck and loses puck.
17:10 of 2nd period - Kevin Shattenkirk is hit by Mark Eaton and loses puck.
17:26 of 2nd period - Icing by Matt Moulson.
17:27 of 2nd period - David Legwand wins face-off versus Matt Moulson in Nordiques zone.
18:03 of 2nd period - Wrist shot by Nick Palmieri.
18:03 of 2nd period - Stopped by Julien Ellis with a rebound.
18:19 of 2nd period - Snap shot by Oskar Osala.
18:19 of 2nd period - Shot Blocked by Dustin Byfuglien.
18:21 of 2nd period - Slapshot by Mike Green.
18:21 of 2nd period - Stopped by Julien Ellis without a rebound.
18:22 of 2nd period - David Legwand wins face-off versus Vaclav Prospal in Nordiques zone.
18:29 of 2nd period - Wrist shot by David Legwand.
18:29 of 2nd period - Shot Misses the Net.
18:31 of 2nd period - Snap shot by Derek Boogaard.
18:31 of 2nd period - Shot Blocked by Ryan Ellis.
18:37 of 2nd period - Snap shot by David Legwand.
18:37 of 2nd period - Shot Misses the Net.
18:56 of 2nd period - Andrej Sekera is hit by Chris Drury.
19:08 of 2nd period - Wrist shot by Jean-Pierre Dumont.
19:08 of 2nd period - Stopped by Frederik Andersen with a rebound.
19:36 of 2nd period - Dmitry Kulikov is hit by T.J. Hensick and loses puck.
19:55 of 2nd period - Wrist shot by Vaclav Prospal.
19:55 of 2nd period - Stopped by Frederik Andersen without a rebound.
19:56 of 2nd period - Ryane Clowe wins face-off versus R.J. Umberger in Sharks zone.
Goals for this period are 3 for Sharks vs 1 for Nordiques.
Shots for this period are 11 for Sharks vs 7 for Nordiques.
3rd period
0:01 of 3rd period - David Legwand wins face-off versus Chris Drury in neutral zone.
0:25 of 3rd period - Slapshot by Matt Moulson.
0:25 of 3rd period - Shot Blocked by Mike Green.
0:53 of 3rd period - Snap shot by Cal Clutterbuck.
0:53 of 3rd period - Shot Blocked by Vaclav Prospal.
0:55 of 3rd period - Wrist shot by Tuomo Ruutu.
0:55 of 3rd period - Shot Misses the Net.
0:57 of 3rd period - Slapshot by Kim Johnsson.
0:57 of 3rd period - Shot Misses the Net.
2:10 of 3rd period - Jean-Pierre Dumont is hit by Boris Valabik and loses puck.
2:19 of 3rd period - Snap shot by Tuomo Ruutu.
2:19 of 3rd period - Shot Blocked by Dustin Byfuglien.
2:21 of 3rd period - Snap shot by T.J. Hensick.
2:21 of 3rd period - Stopped by Julien Ellis without a rebound.
2:22 of 3rd period - David Legwand wins face-off versus Vaclav Prospal in Nordiques zone.
2:25 of 3rd period - Snap shot by Brad Boyes.
2:25 of 3rd period - Stopped by Julien Ellis with a rebound.
2:27 of 3rd period - Snap shot by David Legwand.
2:27 of 3rd period - Shot Blocked by Vaclav Prospal.
2:29 of 3rd period - Snap shot by Brad Boyes.
2:29 of 3rd period - Stopped by Julien Ellis without a rebound.
2:30 of 3rd period - David Legwand wins face-off versus Nikita Kucherov in Nordiques zone.
2:39 of 3rd period - Snap shot by Brad Boyes.
2:39 of 3rd period - Shot Misses the Net.
2:41 of 3rd period - Snap shot by Brad Boyes.
2:41 of 3rd period - Shot Misses the Net.
2:43 of 3rd period - Snap shot by Derek Boogaard.
2:43 of 3rd period - Deflect By David Legwand.
2:43 of 3rd period - Stopped by Julien Ellis without a rebound.
2:44 of 3rd period - David Legwand wins face-off versus Chris Drury in Nordiques zone.
3:10 of 3rd period - Kevin Shattenkirk is hit by Dustin Byfuglien.
3:29 of 3rd period - Slapshot by Greg Campbell.
3:29 of 3rd period - Stopped by Julien Ellis with a rebound.
4:00 of 3rd period - Slapshot by T.J. Fast.
4:00 of 3rd period - Deflect By Lasse Kukkonen.
4:00 of 3rd period - Stopped by Frederik Andersen without a rebound.
4:00 of 3rd period - Minor Penalty to Frederik Andersen for Slashing.
4:01 of 3rd period - Chris Drury wins face-off versus Cal Clutterbuck in Sharks zone.
4:02 of 3rd period - Wrist shot by R.J. Umberger.
4:02 of 3rd period - Goal by R.J. Umberger - Sharks : 3 - Nordiques : 3.
4:03 of 3rd period - Chris Drury wins face-off versus David Legwand in neutral zone.
5:19 of 3rd period - Snap shot by David Legwand.
5:19 of 3rd period - Shot Misses the Net.
5:21 of 3rd period - Slapshot by Derek Boogaard.
5:21 of 3rd period - Stopped by Julien Ellis without a rebound.
5:22 of 3rd period - David Legwand wins face-off versus Jean-Pierre Dumont in Nordiques zone.
5:45 of 3rd period - Snap shot by David Legwand.
5:45 of 3rd period - Goal by David Legwand - Sharks : 4 - Nordiques : 3.
5:46 of 3rd period - Chris Drury wins face-off versus Derek Boogaard in neutral zone.
5:57 of 3rd period - Snap shot by Jean-Pierre Dumont.
5:57 of 3rd period - Shot Misses the Net.
7:05 of 3rd period - Dmitry Kulikov is hit by David Legwand and loses puck.
7:20 of 3rd period - Snap shot by Ryan Ellis.
7:20 of 3rd period - Deflect By Chris Drury.
7:20 of 3rd period - Shot Blocked by Kim Johnsson.
7:20 of 3rd period - Puck is out of play.
7:21 of 3rd period - Chris Drury wins face-off versus Antoine Vermette in Sharks zone.
7:30 of 3rd period - Wrist shot by Nick Palmieri.
7:30 of 3rd period - Stopped by Julien Ellis with a rebound.
7:34 of 3rd period - Wrist shot by Ryane Clowe.
7:34 of 3rd period - Stopped by Julien Ellis without a rebound.
7:35 of 3rd period - Chris Drury wins face-off versus David Legwand in Nordiques zone.
7:37 of 3rd period - Icing by Jean-Pierre Dumont.
7:38 of 3rd period - David Legwand wins face-off versus Chris Drury in Nordiques zone.
7:47 of 3rd period - Snap shot by Brad Boyes.
7:47 of 3rd period - Stopped by Julien Ellis without a rebound.
7:48 of 3rd period - Chris Drury wins face-off versus David Legwand in Nordiques zone.
7:48 of 3rd period - Dustin Byfuglien is hit by Kevin Shattenkirk and loses puck.
8:20 of 3rd period - Snap shot by Nikita Kucherov.
8:20 of 3rd period - Stopped by Frederik Andersen with a rebound.
8:24 of 3rd period - Backhand shot by Matt Moulson.
8:24 of 3rd period - Deflect By Ryane Clowe.
8:24 of 3rd period - Shot Blocked by Ryane Clowe.
8:24 of 3rd period - Puck is out of play.
8:25 of 3rd period - Vaclav Prospal wins face-off versus Antoine Vermette in Sharks zone.
9:06 of 3rd period - Off-side.
9:07 of 3rd period - Chris Drury wins face-off versus Greg Campbell in neutral zone.
10:14 of 3rd period - Fedor Tyutin is hit by T.J. Hensick and loses puck.
10:19 of 3rd period - Snap shot by Cal Clutterbuck.
10:19 of 3rd period - Deflect By Fedor Tyutin.
10:19 of 3rd period - Stopped by Julien Ellis with a rebound.
10:21 of 3rd period - Slapshot by Kim Johnsson.
10:21 of 3rd period - Shot Misses the Net.
10:23 of 3rd period - Slapshot by Lasse Kukkonen.
10:23 of 3rd period - Stopped by Julien Ellis with a rebound.
10:43 of 3rd period - Wrist shot by Rich Peverley.
10:43 of 3rd period - Stopped by Frederik Andersen with a rebound.
10:45 of 3rd period - Wrist shot by Fedor Tyutin.
10:45 of 3rd period - Shot Misses the Net.
10:47 of 3rd period - Slapshot by Nikolai Kulemin.
10:47 of 3rd period - Shot Blocked by Kim Johnsson.
10:49 of 3rd period - Slapshot by Fedor Tyutin.
10:49 of 3rd period - Stopped by Frederik Andersen without a rebound.
10:50 of 3rd period - David Legwand wins face-off versus Chris Drury in Sharks zone.
11:06 of 3rd period - Snap shot by Jean-Pierre Dumont.
11:06 of 3rd period - Stopped by Frederik Andersen without a rebound.
11:07 of 3rd period - Antoine Vermette wins face-off versus Vaclav Prospal in Sharks zone.
11:22 of 3rd period - Snap shot by Antoine Vermette.
11:22 of 3rd period - Shot Blocked by Ryan Ellis.
11:54 of 3rd period - Paul Gaustad is hit by Greg Campbell and loses puck.
12:59 of 3rd period - Wrist shot by Damien Brunner.
12:59 of 3rd period - Stopped by Julien Ellis without a rebound.
13:00 of 3rd period - David Legwand wins face-off versus Chris Drury in Nordiques zone.
13:05 of 3rd period - Backhand shot by Kevin Shattenkirk.
13:05 of 3rd period - Shot Blocked by Fedor Tyutin.
13:07 of 3rd period - Wrist shot by David Legwand.
13:07 of 3rd period - Stopped by Julien Ellis without a rebound.
13:08 of 3rd period - David Legwand wins face-off versus Chris Drury in Nordiques zone.
13:14 of 3rd period - Off-side.
13:15 of 3rd period - David Legwand wins face-off versus Chris Drury in neutral zone.
13:26 of 3rd period - Wrist shot by David Legwand.
13:26 of 3rd period - Shot Hit the Post.
13:28 of 3rd period - Slapshot by Mike Green.
13:28 of 3rd period - Deflect By Brad Boyes.
13:28 of 3rd period - Shot Misses the Net.
13:28 of 3rd period - Puck is out of play.
13:29 of 3rd period - Chris Drury wins face-off versus Antoine Vermette in Nordiques zone.
13:36 of 3rd period - Snap shot by Jean-Pierre Dumont.
13:36 of 3rd period - Stopped by Frederik Andersen with a rebound.
13:38 of 3rd period - Wrist shot by R.J. Umberger.
13:38 of 3rd period - Shot Blocked by Mike Green.
13:40 of 3rd period - Wrist shot by Dustin Byfuglien.
13:40 of 3rd period - Stopped by Frederik Andersen without a rebound.
13:41 of 3rd period - David Legwand wins face-off versus Chris Drury in Sharks zone.
14:55 of 3rd period - Wrist shot by David Legwand.
14:55 of 3rd period - Shot Blocked by Dmitry Kulikov.
15:03 of 3rd period - Chris Drury is hit by Derek Boogaard and loses puck.
15:15 of 3rd period - Off-side.
15:16 of 3rd period - T.J. Hensick wins face-off versus Nikolai Kulemin in neutral zone.
15:43 of 3rd period - Snap shot by Damien Brunner.
15:43 of 3rd period - Stopped by Julien Ellis without a rebound.
15:44 of 3rd period - Greg Campbell wins face-off versus Paul Gaustad in Nordiques zone.
17:20 of 3rd period - Wrist shot by Tuomo Ruutu.
17:20 of 3rd period - Deflect By Cal Clutterbuck.
17:20 of 3rd period - Shot Blocked by Ryan Ellis.
17:20 of 3rd period - Puck is out of play.
17:21 of 3rd period - Paul Gaustad wins face-off versus Greg Campbell in Nordiques zone.
17:48 of 3rd period - Lasse Kukkonen is hit by R.J. Umberger and loses puck.
18:38 of 3rd period - Minor Penalty to Greg Campbell for Roughing.
18:39 of 3rd period - Jean-Pierre Dumont wins face-off versus Antoine Vermette in Sharks zone.
18:40 of 3rd period - Wrist shot by R.J. Umberger.
18:40 of 3rd period - Stopped by Frederik Andersen without a rebound.
18:41 of 3rd period - Antoine Vermette wins face-off versus Chris Drury in Sharks zone.
18:52 of 3rd period - Nordiques, Julien Ellis is pulled from the net.
18:52 of 3rd period - Wrist shot by Chris Drury.
18:52 of 3rd period - Goal by Chris Drury - Sharks : 4 - Nordiques : 4.
18:52 of 3rd period - Julien Ellis from Nordiques was sent back in the game.
18:53 of 3rd period - Paul Gaustad wins face-off versus Greg Campbell in neutral zone.
19:04 of 3rd period - Wrist shot by Mike Green.
19:04 of 3rd period - Shot Blocked by Dustin Byfuglien.
19:06 of 3rd period - Backhand shot by Damien Brunner.
19:06 of 3rd period - Stopped by Julien Ellis without a rebound.
19:07 of 3rd period - David Legwand wins face-off versus Chris Drury in Nordiques zone.
19:18 of 3rd period - Wrist shot by Jean-Pierre Dumont.
19:18 of 3rd period - Shot Misses the Net.
19:20 of 3rd period - Slapshot by Fedor Tyutin.
19:20 of 3rd period - Stopped by Frederik Andersen with a rebound.
19:22 of 3rd period - Slapshot by Dustin Byfuglien.
19:22 of 3rd period - Stopped by Frederik Andersen with a rebound.
19:32 of 3rd period - Michael Ryder is hit by Damien Brunner and loses puck.
Goals for this period are 1 for Sharks vs 2 for Nordiques.
Shots for this period are 16 for Sharks vs 12 for Nordiques.
Overtime #1
0:01 of 1st overtime period - Brad Boyes wins face-off versus R.J. Umberger in neutral zone.
0:06 of 1st overtime period - Wrist shot by Brad Boyes.
0:06 of 1st overtime period - Shot Misses the Net.
0:14 of 1st overtime period - Off-side.
0:15 of 1st overtime period - David Legwand wins face-off versus R.J. Umberger in neutral zone.
1:09 of 1st overtime period - Ryan Ellis is hit by Boris Valabik and loses puck.
1:43 of 1st overtime period - Slapshot by Ryan Ellis.
1:43 of 1st overtime period - Deflect By Kyle Calder.
1:43 of 1st overtime period - Stopped by Frederik Andersen with a rebound.
2:03 of 1st overtime period - Icing by Mike Green.
2:04 of 1st overtime period - Jean-Pierre Dumont wins face-off versus Nick Palmieri in Sharks zone.
2:11 of 1st overtime period - Slapshot by Ryan Ellis.
2:11 of 1st overtime period - Deflect By Kevin Shattenkirk.
2:11 of 1st overtime period - Stopped by Frederik Andersen with a rebound.
2:19 of 1st overtime period - Slapshot by Kevin Shattenkirk.
2:19 of 1st overtime period - Deflect By Derek Boogaard.
2:19 of 1st overtime period - Shot Misses the Net.
2:19 of 1st overtime period - Puck is out of play.
2:20 of 1st overtime period - R.J. Umberger wins face-off versus David Legwand in Nordiques zone.
2:29 of 1st overtime period - Backhand shot by R.J. Umberger.
2:29 of 1st overtime period - Stopped by Frederik Andersen with a rebound.
3:03 of 1st overtime period - Jean-Pierre Dumont is hit by Boris Valabik and loses puck.
4:07 of 1st overtime period - Dmitry Kulikov is hit by Nick Palmieri and loses puck.
4:44 of 1st overtime period - Ryan Ellis is hit by Lasse Kukkonen and loses puck.
Goals for this period are 0 for Sharks vs 0 for Nordiques.
Shots for this period are 0 for Sharks vs 3 for Nordiques.
ShootOut
5:00 of 1st overtime period - Penalty Shot by Tuomo Ruutu for Sharks.
5:00 of 1st overtime period - Snap shot by Tuomo Ruutu.
5:00 of 1st overtime period - Goal by Tuomo Ruutu.
5:00 of 1st overtime period - Penalty Shot by R.J. Umberger for Nordiques.
5:00 of 1st overtime period - Wrist shot by R.J. Umberger.
5:00 of 1st overtime period - Stopped by Frederik Andersen.
5:00 of 1st overtime period - Penalty Shot by Brad Boyes for Sharks.
5:00 of 1st overtime period - Wrist shot by Brad Boyes.
5:00 of 1st overtime period - Goal by Brad Boyes.
5:00 of 1st overtime period - Penalty Shot by Chris Drury for Nordiques.
5:00 of 1st overtime period - Deke by Chris Drury.
5:00 of 1st overtime period - Stopped by Frederik Andersen.
Back to the Top